 Dungeon Crawl Stone Soup version 0.20.1-1-g8b1a95d (webtiles) character file.

64870 graki42 the Eclecticist (level 14, -1/72 HPs)
             Began as a Deep Elf Fire Elementalist on Aug 2, 2017.
             Was a High Priest of Vehumet.
             Slain by a redback (4 damage)
             ... on level 1 of the Spider Nest on Aug 7, 2017.
             The game lasted 02:18:43 (20629 turns).

graki42 the Eclecticist (DEFE)                     Turns: 20629, Time: 02:18:44

Health: -1/72      AC: 17    Str:  8    XL:     14   Next: 73%
Magic:  37/37      EV:  8    Int: 23    God:    Vehumet [*****.]
Gold:   1611       SH:  0    Dex: 15    Spells: 12/48 levels left

rFire    + . .     SeeInvis .   n - staff of fire
rCold    . . .     Gourm    .   (no shield)
rNeg     . . .     Faith    .   M - +1 leather armour {rPois}
rPois    +         Spirit   .   p - +2 helmet
rElec    .         Reflect  .   r - +0 cloak
rCorr    .         Harm     .   h - +2 pair of gloves
MR       +....                  (no boots)
Stlth    ++++......             R - amulet of magic regeneration
Regen    0.3/turn               f - ring of stealth
MPRegen  0.4/turn               E - +5 ring of protection

@: held, slowed, very slow
A: no striking features
a: Renounce Religion


You were on level 1 of the Spider Nest.
You worshipped Vehumet.
Vehumet was extremely pleased with you.
You were not hungry.

You visited 6 branches of the dungeon, and saw 21 of its levels.
You also visited: Labyrinth and Sewer.

You collected 1826 gold pieces.
You spent 215 gold pieces at shops.

Inventory:

Hand Weapons
 S - the +7 war axe "Demonbane" {freeze, -Tele rF++ MR++}
   (You took it off an orc on level 8 of the Dungeon)

   It has been specially enchanted to freeze those struck by it, causing extra
   injury to most foes and up to half again as much damage against particularly
   susceptible opponents.
   It can also slow down cold-blooded creatures.
   It greatly protects you from fire.
   It affects your resistance to hostile enchantments.
   It prevents most forms of teleportation.
Missiles
 N - 2 throwing nets (quivered)
Armour
 g - a +2 robe of cold resistance
 h - a +2 pair of gloves (worn)
 i - a +2 leather armour of fire resistance
 p - a +2 helmet (worn)
 r - a +0 cloak (worn)
 M - a +1 leather armour of poison resistance (worn)
Magical Staves
 n - an uncursed staff of fire (weapon)
Jewellery
 f - a ring of stealth (left hand)
 E - a +5 ring of protection (right hand)
 K - an uncursed ring of ice
 O - an uncursed ring of resist corrosion
 R - an amulet of magic regeneration (around neck)
Wands
 q - a wand of digging (19/24)
 z - a wand of iceblast (15/15)
Scrolls
 e - 3 scrolls of fear
 j - 7 scrolls of teleportation
 m - 8 scrolls of remove curse
 J - 3 scrolls of blinking
 Q - 2 scrolls of magic mapping
Potions
 d - 6 potions of flight
 k - 14 potions of curing
 l - 8 potions of heal wounds
 t - 2 potions of magic
 I - a potion of cancellation
Comestibles
 c - 17 bread rations
 s - 14 fruits


   Skills:
 + Level 2.8 Fighting
 + Level 3.0 Axes
 + Level 3.3 Staves
 + Level 3.9 Armour
 + Level 5.9 Dodging
 + Level 5.2 Stealth
 + Level 17.9 Spellcasting
 + Level 13.1 Conjurations
 + Level 4.6 Hexes
 + Level 3.0 Charms
 + Level 13.8 Fire Magic
 * Level 8.7 Earth Magic
 + Level 1.0 Evocations


You had 12 spell levels left.
You knew the following spells:

 Your Spells              Type           Power        Failure   Level  Hunger
a - Flame Tongue          Conj/Fire      #####        0%          1    None
b - Conjure Flame         Conj/Fire      #######.     1%          3    None
c - Inner Flame           Hex/Fire       #######.     1%          3    None
d - Sticky Flame          Conj/Fire      #######.     1%          4    None
e - Fireball              Conj/Fire      #######...   1%          5    None
f - Iskenderun's Mystic   Conj           ######..     1%          4    None
g - Stone Arrow           Conj/Erth      ######       1%          3    None
h - Iskenderun's Battles  Conj/Chrm      ######..     1%          5    None
i - Bolt of Fire          Conj/Fire      #######...   1%          6    ####...
j - Blink                 Tloc           N/A          5%          2    None


Dungeon Overview and Level Annotations

Branches:
Dungeon (10/15)            Temple (1/1) D:7            Lair (6/6) D:10
  Swamp (1/4) Lair:4       Spider (1/4) Lair:4        Slime (0/5) Lair:5
    Orc (2/2) D:10            Elf (0/3) Orc:2

Altars:
Ashenzari
Cheibriados
Dithmenos
Elyvilon
Fedhas
Gozag
Hepliaklqana
Kikubaaqudgha
Okawaru
Qazlal
Ru
Sif Muna
Trog
Vehumet
Xom
Yredelemnul
Zin
The Shining One
Beogh
Jiyva

Shops:
D:9 !   Orc:2 [!}!

Annotations:
Lair:5 1 runed door


Message History

Being near the torpor snail leaves you feeling lethargic.
The redback misses you. The redback completely misses you.
The tarantella bites you but does no damage.
There is a crawl-hole back to the Lair, spattered with blood here.
The redback bites you! The redback bites you.
The jumping spider pounces on you!
You are caught in a web!
The wolf spider hisses angrily.
The jumping spider bites you but does no damage.
The jumping spider barely misses you. The jumping spider bites you.
The redback bites you!
* * * LOW HITPOINT WARNING * * *
The redback bites you!
* * * LOW HITPOINT WARNING * * *
The redback bites you but does no damage.
The redback bites you.
* * * LOW HITPOINT WARNING * * *
The jumping spider leaps!
The redback bites you but does no damage.
The redback bites you.
You die...

###############
...............
.......s§......
..w..ss@ss.....
...≈..sss......
.^....ss.......
.....s#s.......
...............
≈.............s
ss≈.≈ .=s......
.≈≈≈≈≈.........


You could see a torpor snail (wandering), a wolf spider, 2 jumping spiders, 3
tarantellas and 10 redbacks.

Vanquished Creatures
  Rupert (Lair:4)
  Gastronok (Lair:1)
  A thorn hunter (Swamp:1)
  Josephine (Lair:5)
  A minotaur (Lab)
  Erolcha (Orc:1)
  3 hydras
  2 catoblepae
  A centaur warrior (D:10)
  3 ogre magi (Orc:2)
  2 two-headed ogres (D:10)
  An alligator (Lair:5)
  A deep troll shaman (Lair:6)
  4 death yaks (Lair:6)
  A swamp dragon (Lair:4)
  An orb spider (Spider:1)
  A lindwurm (Lair:6)
  3 slime creatures
  8 orc sorcerers
  Joseph (D:7)
  6 elephants
  3 black mambas
  A gargoyle (D:10)
  9 spiny frogs
  A torpor snail (Lair:6)
  A rime drake (Lair:6)
  The ghost of froobite the Ruffian, an amateur TrBe of Trog (D:4)
  6 komodo dragons
  A troll (Orc:2)
  A jumping spider (Lair:4)
  2 hornets (Lair:4)
  2 minotaur zombies (Lab)
  3 tyrant leeches
  8 polar bears
  A bog body (Lair:4)
  12 hippogriffs
  14 dream sheep
  13 blink frogs
  The ghost of ThereIsNoGod the Quickloader, an amateur KoHu (D:6)
  3 spriggans
  4 wraiths
  Eustachio (D:6)
  2 redbacks
  39 yaks
  2 hogs (D:9)
  4 basilisks (Lab)
  5 hungry ghosts
  4 steam dragons
  3 wargs
  Edmund (D:4)
  3 swamp worms (Swamp:1)
  Duvessa (D:7)
  13 porcupines
  9 water moccasins
  A swamp drake (Lair:4)
  3 sky beasts
  3 phantoms
  An ice beast (D:6)
  9 orc warriors
  2 eyes of draining
  4 black bears
  13 ogres
  23 wolves
  A centaur (D:5)
  11 crocodiles
  Blork the orc (D:6)
  A big kobold (D:8)
  A gnoll sergeant (D:6)
  9 bullfrogs
  Dowan (D:7)
  7 killer bees (D:8)
  4 scorpions
  An electric eel (Lair:6)
  2 howler monkeys (D:8)
  2 bullfrog zombies
  2 centaur zombies (D:10)
  4 crimson imps
  A quasit (D:10)
  5 hounds
  2 jellies
  10 orc priests
  31 orc wizards
  A centaur skeleton (D:8)
  3 iguanas
  4 worker ants
  Natasha (thrice) (D:4)
  A hound skeleton (D:6)
  Robin (D:3)
  5 gnolls (D:6)
  12 adders
  7 river rats
  3 shadow imps
  3 oozes
  2 adder skeletons
  A worm (D:5)
  4 dart slugs
  7 leopard geckos
  40 orcs
  14 bats
  8 giant cockroaches
  14 goblins
  11 hobgoblins
  8 jackals
  9 kobolds
  4 quokkas
  12 ball pythons
  13 frilled lizards
  A leopard gecko skeleton (D:5)
  A leopard gecko zombie (D:5)
  A quokka zombie (D:6)
  37 rats
  7 briar patches (Swamp:1)
  3 fungi (Lair:6)
  2 plants
615 creatures vanquished.

Vanquished Creatures (others)
  An orc wizard (Orc:2)
  A briar patch (Swamp:1)
  10 fungi
  5 plants (Lair:6)
17 creatures vanquished.

Grand Total: 632 creatures vanquished

Notes
Turn   | Place    | Note
-------+----------+-------------------------------------------
     0 | D:1      | graki42 the Deep Elf Fire Elementalist began the quest for the Orb.
     0 | D:1      | Reached XP level 1. HP: 10/10 MP: 6/6
   188 | D:1      | Reached XP level 2. HP: 15/15 MP: 4/8
   379 | D:1      | Reached XP level 3. HP: 19/19 MP: 2/10
   384 | D:1      | Learned a level 3 spell: Conjure Flame
   388 | D:1      | Learned a level 3 spell: Inner Flame
   676 | D:2      | Reached skill level 4 in Spellcasting
   895 | D:1      | Reached XP level 4. HP: 13/24 MP: 0/12
  1365 | D:3      | Noticed Robin
  1519 | D:3      | Killed Robin
  1543 | D:3      | Reached skill level 5 in Spellcasting
  1797 | D:3      | Reached XP level 5. HP: 28/28 MP: 9/14
  1995 | D:3      | Learned a level 4 spell: Sticky Flame
  2361 | D:4      | Found a glowing drain.
  2365 | Sewer    | Entered a sewer
  2641 | Sewer    | Reached skill level 5 in Fire Magic
  2650 | Sewer    | Reached XP level 6. HP: 32/32 MP: 1/16
  2978 | Sewer    | Reached skill level 6 in Spellcasting
  3206 | D:4      | Noticed froobite's ghost (amateur TrBe)
  3230 | D:4      | Killed froobite's ghost
  3230 | D:4      | Reached skill level 7 in Spellcasting
  3230 | D:4      | Reached XP level 7. HP: 11/36 MP: 3/19
  3544 | D:4      | Noticed Edmund
  3562 | D:4      | Killed Edmund
  3645 | D:4      | Noticed Natasha
  3653 | D:4      | Killed Natasha
  3706 | D:4      | Reached skill level 8 in Spellcasting
  3827 | D:4      | Noticed Natasha
  3832 | D:4      | Killed Natasha
  3840 | D:4      | Reached skill level 5 in Conjurations
  3840 | D:4      | Reached XP level 8. HP: 38/42 MP: 15/22
  4068 | D:4      | Found a basalt altar of Yredelemnul.
  4175 | D:4      | Noticed Natasha
  4177 | D:4      | Killed Natasha
  4243 | D:5      | Entered Level 5 of the Dungeon
  4664 | D:5      | Reached skill level 1 in Staves
  4817 | D:5      | Learned a level 5 spell: Fireball
  4857 | D:6      | Reached skill level 1 in Fighting
  4857 | D:6      | Reached skill level 9 in Spellcasting
  4877 | D:6      | Noticed Eustachio
  4884 | D:6      | Killed Eustachio
  5060 | D:6      | Reached skill level 1 in Hexes
  5148 | D:6      | Noticed Blork the orc
  5161 | D:6      | Killed Blork the orc
  5294 | D:6      | Noticed ThereIsNoGod's ghost (amateur KoHu)
  5366 | D:6      | Reached XP level 9. HP: 38/47 MP: 6/24
  5513 | D:6      | Killed ThereIsNoGod's ghost
  6015 | D:7      | Reached skill level 10 in Spellcasting
  6063 | D:7      | Found a shadowy altar of Dithmenos.
  6063 | D:7      | Found a shimmering altar of Xom.
  6188 | D:7      | Noticed Joseph
  6190 | D:7      | Paralysed by Joseph for 3 turns
  6191 | D:7      | Killed Joseph
  6519 | D:7      | Reached skill level 11 in Spellcasting
  6603 | D:7      | Found a staircase to the Ecumenical Temple.
  6612 | Temple   | Entered the Ecumenical Temple
  6675 | Temple   | Became a worshipper of Vehumet
  6736 | D:7      | Noticed Dowan
  6738 | D:7      | Noticed Duvessa
  6740 | D:7      | Killed Dowan
  6742 | D:7      | Killed Duvessa
  6742 | D:7      | Reached XP level 10. HP: 43/53 MP: 9/27
  7109 | D:8      | Got a fine war axe {freeze}
  7110 | D:8      | Identified the +7 war axe "Demonbane" {freeze, -Tele rF++ MR++} (You took it off an orc on level 8 of the Dungeon)
  7334 | D:8      | Found a glowing silver altar of Zin.
  7334 | D:8      | Found a white marble altar of Elyvilon.
  7334 | D:8      | Found a glowing golden altar of the Shining One.
  7719 | D:9      | Reached * piety under Vehumet
  7719 | D:9      | Offered knowledge of Sting by Vehumet.
  7773 | D:9      | Found Tyuniz's Distillery.
  7832 | D:9      | Found a huge runed gate.
  7832 | D:9      | Found a huge runed gate.
  7832 | D:9      | Found a huge runed gate.
  7832 | D:9      | Found a huge runed gate.
  7846 | D:9      | Reached skill level 12 in Spellcasting
  7847 | D:9      | Reached skill level 1 in Axes
  7850 | D:9      | Reached skill level 1 in Armour
  7876 | D:10     | Entered Level 10 of the Dungeon
  8125 | D:10     | Noticed a two-headed ogre
  8134 | D:10     | Killed a two-headed ogre
  8664 | D:9      | Reached XP level 11. HP: 57/57 MP: 14/29
  8793 | D:9      | Reached skill level 10 in Fire Magic
  8844 | D:9      | Reached skill level 13 in Spellcasting
  9300 | D:10     | Noticed a centaur warrior
  9311 | D:10     | Killed a centaur warrior
  9607 | D:10     | Reached ** piety under Vehumet
  9607 | D:10     | Offered knowledge of Throw Frost by Vehumet.
  9611 | D:10     | Reached skill level 5 in Dodging
  9723 | D:10     | Found a staircase to the Lair.
  9904 | D:10     | Found a staircase to the Orcish Mines.
  9950 | D:10     | Noticed a two-headed ogre
  9965 | D:10     | Killed a two-headed ogre
 10206 | Lair:1   | Entered Level 1 of the Lair of Beasts
 10253 | Lair:1   | Learned a level 4 spell: Iskenderun's Mystic Blast
 10255 | Lair:1   | Noticed Gastronok
 10282 | Lair:1   | Killed Gastronok
 10282 | Lair:1   | Reached skill level 14 in Spellcasting
 10282 | Lair:1   | Reached skill level 1 in Evocations
 10443 | Lair:1   | Reached XP level 12. HP: 64/64 MP: 12/32
 10559 | Lair:1   | Offered knowledge of Stone Arrow by Vehumet.
 10564 | Lair:1   | Learned a level 3 spell: Stone Arrow
 11162 | Lair:2   | Noticed a seven-headed hydra
 11183 | Lair:2   | Reached skill level 1 in Earth Magic
 11186 | Lair:2   | Killed a seven-headed hydra
 11192 | Lair:2   | Reached *** piety under Vehumet
 11504 | Lair:2   | Reached skill level 10 in Conjurations
 11835 | Lair:3   | Found a labyrinth entrance.
 11844 | Lab      | Entered a labyrinth
 11864 | Lab      | Reached skill level 5 in Stealth
 11864 | Lab      | Reached skill level 15 in Spellcasting
 12174 | Lab      | Noticed a minotaur
 12180 | Lab      | Killed a minotaur
 12273 | Lab      | Offered knowledge of Throw Icicle by Vehumet.
 12277 | Lab      | Got an encrusted plate armour
 12294 | Lab      | Identified the +7 plate armour of the Empire {Str+4 Slay+2} (You found it in a labyrinth)
 12537 | Lair:3   | You fall through a shaft for 2 floors!
 12696 | Lair:5   | Noticed an alligator
 12722 | Lair:5   | Noticed a catoblepas
 12724 | Lair:5   | Killed an alligator
 12744 | Lair:5   | Killed a catoblepas
 12954 | Lair:5   | Noticed Josephine
 12956 | Lair:5   | Killed Josephine
 12956 | Lair:5   | Reached **** piety under Vehumet
 12956 | Lair:5   | Reached XP level 13. HP: 68/68 MP: 15/34
 13066 | Lair:5   | Found a runed door.
 13066 | Lair:5   | Found a viscous altar of Jiyva.
 13066 | Lair:5   | Found a staircase to the Slime Pits.
 13066 | Lair:5   | Noticed an acid blob
 13066 | Lair:5   | Noticed an acid blob
 13066 | Lair:5   | Noticed an acid blob
 13066 | Lair:5   | Noticed an acid blob
 13346 | Lair:6   | Entered Level 6 of the Lair of Beasts
 13418 | Lair:6   | Offered knowledge of Iskenderun's Battlesphere by Vehumet.
 13430 | Lair:6   | Reached skill level 5 in Earth Magic
 13592 | Lair:5   | Learned a level 5 spell: Iskenderun's Battlesphere
 13705 | Lair:6   | Reached skill level 16 in Spellcasting
 13896 | Lair:6   | Reached skill level 1 in Charms
 14102 | Lair:6   | Reached ***** piety under Vehumet
 14103 | Lair:6   | Offered knowledge of Bolt of Draining by Vehumet.
 15232 | Lair:4   | Found a hole to the Spider Nest.
 15475 | Lair:4   | Noticed Rupert
 15488 | Lair:4   | Reached skill level 17 in Spellcasting
 15497 | Lair:4   | Killed Rupert
 15497 | Lair:4   | Reached XP level 14. HP: 59/72 MP: 18/37
 15835 | Lair:4   | Found a staircase to the Swamp.
 17268 | Orc:1    | Entered Level 1 of the Orcish Mines
 17334 | Orc:1    | Noticed Erolcha
 17339 | Orc:1    | Killed Erolcha
 17829 | Orc:2    | Entered Level 2 of the Orcish Mines
 18169 | Orc:2    | Found a staircase to the Elven Halls.
 18342 | Orc:2    | Offered knowledge of Bolt of Fire by Vehumet.
 18437 | Orc:2    | Found Danoppi's Distillery.
 18456 | Orc:2    | Bought a potion of heal wounds for 60 gold pieces
 18469 | Orc:2    | Found an ancient bone altar of Kikubaaqudgha.
 18522 | Orc:2    | Learned a level 6 spell: Bolt of Fire
 18582 | Orc:2    | Found a radiant altar of Vehumet.
 18615 | Orc:2    | Found Dekax's Gadget Shop.
 18714 | Orc:2    | Found a roughly hewn altar of Beogh.
 18714 | Orc:2    | Found Virooni's Distillery.
 18728 | Orc:2    | Found Xutag's Antique Armour Boutique.
 18737 | Orc:2    | Bought a glowing leather armour for 155 gold pieces
 19211 | Swamp:1  | Entered Level 1 of the Swamp
 20181 | Lair:1   | Learned a level 2 spell: Blink
 20256 | Spider:1 | Entered Level 1 of the Spider Nest
 20311 | Swamp:1  | Noticed a thorn hunter
 20318 | Swamp:1  | Killed a thorn hunter
 20629 | Spider:1 | HP: 3/72 [redback (5)]
 20629 | Spider:1 | Slain by a redback

Skill      XL: |  1  2  3  4  5  6  7  8  9 10 11 12 13 14 |
---------------+-------------------------------------------+-----
Fire Magic     | 4 5 6 7 8 9 11 12 13 | 13.8
Spellcasting   | 4 5 7 8 9 11 12 14 15 17 | 17.9
Conjurations   | 2 3 4 5 7 8 9 10 12 13 | 13.1
Stealth        | 3 4 5 |  5.2
Dodging        | 3 4 5 |  5.9
Staves         | 2 3 |  3.3
Fighting       | 1 2 |  2.8
Hexes          | 1 3 4 |  4.6
Axes           | 1 3 |  3.0
Armour         | 1 2 3 |  3.9
Evocations     | 1 |  1.0
Earth Magic    | 4 6 8 |  8.7
Charms         | 2 3 |  3.0

Action                   |  1- 3 |  4- 6 |  7- 9 | 10-12 | 13-15 || total
-------------------------+-------+-------+-------+-------+-------++-------
Melee: Quarterstaff      |       |       |    38 |    13 |       ||    51
       War axe           |       |       |       |    41 |       ||    41
       Staff             |       |       |       |     1 |       ||     1
 Cast: Flame Tongue      |    65 |   163 |   149 |   278 |   151 ||   806
       Conjure Flame     |     1 |     3 |     8 |    19 |     5 ||    36
       Inner Flame       |     1 |     1 |     6 |    18 |     9 ||    35
       Sticky Flame      |       |       |    18 |    77 |    50 ||   145
       Fireball          |       |       |     6 |    49 |   114 ||   169
       Iskenderun's Myst |       |       |       |     5 |    13 ||    18
       Stone Arrow       |       |       |       |    11 |    39 ||    50
       Iskenderun's Batt |       |       |       |       |    20 ||    20
       Bolt of Fire      |       |       |       |       |     4 ||     4
Evoke: Wand              |       |     2 |       |     1 |       ||     3
  Use: Scroll            |     3 |    11 |     7 |    17 |     4 ||    42
       Potion            |     1 |     1 |     2 |       |     2 ||     6
 Stab: Sleeping          |       |       |     2 |       |       ||     2
  Eat: Chunk             |       |    24 |    18 |    22 |    18 ||    82
       Fruit             |       |       |       |       |     2 ||     2
       Bread ration      |       |       |       |       |     1 ||     1
Armor: Robe              |     4 |    16 |    32 |       |       ||    52
       Leather armour    |       |       |     1 |    93 |    54 ||   148
       Steam dragon scal |       |       |     1 |       |       ||     1
Dodge: Dodged            |    19 |    42 |    52 |   135 |    83 ||   331
